 Dungeon Crawl Stone Soup version 0.29-a0-334-gb41bcbb86e (webtiles) character file.

Game seed: 14842351342756349106

72 psuckher the Insei (level 4, -4/28 HPs)
             Began as an Octopode Transmuter on Apr 14, 2022.
             Was a Follower of Qazlal.
             Killed from afar by an orc wizard (8 damage)
             ... with a puff of flame
             ... on level 3 of the Dungeon.
             The game lasted 00:07:21 (1812 turns).

psuckher the Insei (Octopode Transmuter)            Turns: 1812, Time: 00:07:22

Health: -4/28      AC:  1    Str: 11    XL:     4   Next: 25%
Magic:  7/7        EV: 13    Int: 15    God:    Qazlal [*.....]
Gold:   117        SH:  0    Dex: 12    Spells: 2/7 levels left

rFire   . . .      SeeInvis .     - Unarmed
rCold   . . .      Faith    .   (no shield)
rNeg    . . .      Spirit   .   (helmet restricted)
rPois   .          Reflect  .   (no amulet)
rElec   .          Harm     .   (no ring)
rCorr   .          Rampage  .   (no ring)
Will    .....                   (no ring)
Stlth   ++........              (no ring)
HPRegen 0.09/turn               (no ring)
MPRegen 0.10/turn               (no ring)
                                (no ring)
                                (no ring)

@: confused
A: almost no armour, amphibious, 8 rings, camouflage 1, gelatinous body 1,
(nimble swimmer 1), tentacles
a: Renounce Religion


You were on level 3 of the Dungeon.
You worshipped Qazlal.
Qazlal was aware of your devotion.
You visited 1 branch of the dungeon, and saw 3 of its levels.

You collected 117 gold pieces.

Inventory:

Hand Weapons
 i - a +0 club
Wands
 h - a wand of digging (1)
Scrolls
 b - a scroll of amnesia {unknown}
 c - 4 scrolls of identify {unknown}
 d - a scroll of teleportation {unknown}
 e - 3 scrolls of vulnerability {unknown}
 g - 2 scrolls of fog {unknown}
 k - a scroll of noise {unknown}
 l - a scroll of silence {unknown}
 m - a scroll of summoning {unknown}
Potions
 a - a potion of lignification
 f - a potion of ambrosia {unknown}
 j - a potion of mutation {unknown}


   Skills:
 + Level 1.0 Fighting
 + Level 2.4 Dodging
 + Level 1.2 Stealth
 + Level 4.1 Unarmed Combat
 + Level 2.3 Spellcasting
 + Level 2.3 Transmutations


You had 2 spell levels left.
You knew the following spells:

 Your Spells              Type           Power      Damage    Failure   Level
a - Beastly Appendage     Tmut           16%        N/A       9%          1
b - Wereblood             Tmut           8%         N/A       13%         2
c - Passwall              Tmut/Erth      4%         N/A       21%         2

Your spell library contained the following spells:

 Spells                   Type           Power      Damage    Failure   Level
 Ensorcelled Hibernation  Hex/Ice        2%         N/A       32%         2
 Spider Form              Tmut/Pois      5%         N/A       38%         3
 Swiftness                Air            1%         N/A       54%         3
 Ice Form                 Ice/Tmut       5%         N/A       80%         4


Dungeon Overview and Level Annotations

Branches:
Dungeon (3/15)

Altars:
Qazlal


Innate Abilities, Weirdness & Mutations

You cannot wear most types of armour.
You are amphibious.
You can wear up to eight rings at the same time.
Your skin changes colour to match your surroundings (Stealth+).
Your rubbery body absorbs attacks. (AC +1, EV +1)
((You are camouflaged when in or above water. (Stealth+)))
You have tentacles for arms and can constrict up to eight enemies at once.


Message History

You see here 18 stones.
A rat comes into view.
Found a scroll labelled ISOFUGU ACOSECS.
You tentacle-slap the rat.
You kill the rat!
Qazlal accepts your kill.
You see here a rat corpse.
Found a stone staircase leading down.
m - a scroll labelled ISOFUGU ACOSECS A ball python comes into view.
Found 9 gold pieces.
The ball python hisses angrily.
Found an escape hatch in the floor.
The ball python closely misses you. The ball python barely misses you.
You tentacle-slap the ball python. Your grab misses the ball python.
You squeeze the ball python.
You kill the ball python!
Qazlal accepts your kill.
Found a stone staircase leading up.
An orc wizard comes into view. It is wielding a +0 dagger.
The orc wizard hits you with a +0 dagger.
You block the orc wizard's attack.
The orc wizard hits you with a +0 dagger.
The orc wizard points at you and mumbles some strange words.
The puff of flame hits you!
* * * LOW HITPOINT WARNING * * *
You tentacle-slap the orc wizard. Your grab misses the orc wizard.
The orc wizard is lightly wounded.
The orc wizard gestures wildly while chanting.
The orc wizard flickers and vanishes!
Deactivating autopickup; reactivate with Ctrl-A.
You miss something. Something barely misses you.
You tentacle-slap something. Your squeeze misses something.
You hear some strange, mumbled words.
You are confused.
You bump into the rock wall.
You hear some strange, mumbled words.
A puff of flame appears from out of thin air!
The puff of flame hits you!
You die...

....♣♣♣.....#
#####..♣.....#<..
#.......♣.♣..#.##########
#........♣....>#.........
##......$.......#.####.#<#
..............# #.####..##
#......§{#...# #.#....##
#....>..@....# #.#.##..##
#.....°.#°#### #.#.##.#.#
####.#.##..## #.........
#.......≈## ###.######
##....≈..≈# ##.## #...≈....#
##...####
#..≈≈≈≈≈≈≈##.......#
...#####...#########...##.#.
#.....†......(.## ##.###.#.


There were no monsters in sight!

Vanquished Creatures
  3 adders (D:2)
  A worm (D:2)
  A dart slug (D:2)
  4 endoplasms
  4 giant cockroaches
  3 goblins
  2 hobgoblins
  3 quokkas
  5 ball pythons
  4 bats
  3 frilled lizards
  4 kobolds
  3 rats
40 creatures vanquished.

Notes
Turn   | Place    | Note
-------+----------+-------------------------------------------
     0 | D:1      | psuckher the Octopode Transmuter began the quest for the
                  | Orb.
     0 | D:1      | Reached XP level 1. HP: 13/13 MP: 3/3
   185 | D:1      | Found a faded altar of an unknown god.
   196 | D:1      | Prayed at the altar of an unknown god.
   196 | D:1      | Became a worshipper of Qazlal Stormbringer
   196 | D:1      | Reached * piety under Qazlal
   212 | D:1      | Reached XP level 2. HP: 6/18 MP: 5/5
  1090 | D:2      | Reached XP level 3. HP: 20/23 MP: 6/6
  1193 | D:2      | Learned a level 2 spell: Wereblood
  1196 | D:2      | Learned a level 2 spell: Passwall
  1245 | D:2      | Reached skill level 1 in Stealth
  1396 | D:2      | Reached skill level 4 in Unarmed Combat
  1396 | D:2      | Reached XP level 4. HP: 13/28 MP: 7/7
  1812 | D:3      | Killed from afar by an orc wizard

Illustrated notes

Levels and vault maps discovered:
D:1:      giann_forest_graveyard, layout_loops_ring,
          hellmonk_ecumenical_altar_heavens_door, chequers_serial_rivers_room_b
D:2:      layout_rooms, minmay_misc_feat_room, chequers_mini_garden,
          minmay_between
D:3:      layout_loops_cross, serial_rivers, chequers_serial_rivers_micro_b,
          chequers_serial_rivers_micro_a, chequers_serial_rivers_marsh,
          chequers_serial_rivers_room_a, chequers_serial_rivers_micro_d,
          chequers_serial_rivers_micro_e, chequers_garden

Skill      XL: |  1  2  3 |
---------------+----------+-----
Stealth        | 1 |  1.2
Unarmed Combat | 4 |  4.1
Fighting       | |  1.0
Dodging        | |  2.4
Spellcasting   | |  2.3
Transmutations | |  2.3

Action                   |  1- 3 |  4- 6 || total
-------------------------+-------+-------++-------
Melee: Unarmed           |    72 |    16 ||    88
       Tentacles         |    16 |     3 ||    19
       Constrict         |    19 |     3 ||    22
       Punch             |     3 |       ||     3
       Kick              |     1 |       ||     1
 Cast: Beastly Appendage |     2 |       ||     2
 Stab: Sleeping          |     1 |       ||     1
Armor: Skin              |     9 |       ||     9
Dodge: Dodged            |    53 |    13 ||    66
Block: Other             |     4 |     1 ||     5

Table legend: (Time is in decaauts)
 A = Elapsed time spent in this place.
 B = Non-inter-level travel time spent in this place.
 C = Inter-level travel time spent in this place.
 D = Time resting spent in this place.
 E = Time spent auto-exploring this place.
 F = Levels seen in this place.
 G = Mean time per level.
                   A        B        C        D        E       F      G
               +--------+--------+--------+--------+--------+-----+--------+
         Total |   1804 |   1532 |    272 |      0 |    250 |   3 |  601.3 |
       Dungeon |   1804 |   1532 |    272 |      0 |    250 |   3 |  601.3 |
               +--------+--------+--------+--------+--------+-----+--------+

Top non-repeatable levels by time:
     D:1: 1001 daAuts
     D:2: 653 daAuts
     D:3: 149 daAuts
